 Dungeon Crawl Stone Soup version 0.27-a0-705-ga0013940fb (webtiles) character file.

Game seed: 17584501956375594119

487 jestyr24 the Conjurer (level 6, 0/40 (46) HPs)
             Began as a Demonspawn Conjurer on Mar 22, 2021.
             Slain by Edmund
             ... wielding a +7 dire flail of draining
              (9 damage)
             ... on level 4 of the Dungeon.
             The game lasted 00:23:03 (4137 turns).

jestyr24 the Conjurer (Demonspawn Conjurer)         Turns: 4137, Time: 00:23:04

HP:   0/40 (46)     AC:  7    Str: 14    XL:     6   Next: 89%
MP:   1/11          EV: 12    Int: 21    God:
Gold: 278           SH:  0    Dex: 11    Spells: 5/12 levels left

rFire    + . .     SeeInvis .   h - +0 spear (flame)
rCold    . . .     Faith    .   (no shield)
rNeg     . . .     Spirit   .   a - +0 robe
rPois    .         Reflect  .   (no helmet)
rElec    .         Harm     .   f - +0 cloak
rCorr    .         Rampage  .   (no gloves)
Will     .....                  (no boots)
Stlth    ++........             (no amulet)
HPRegen  0.13/turn              q - +6 ring of strength
MPRegen  0.12/turn              (no ring)

@: heavily drained
A: molten scales 3, powered by pain 1
a: no special abilities


You were on level 4 of the Dungeon.
You visited 1 branch of the dungeon, and saw 4 of its levels.

You collected 278 gold pieces.

Inventory:

Hand Weapons
 c - a +0 club
 d - a +0 dagger
 h - a +0 spear of flaming (weapon)
Missiles
 b - 104 stones
 k - 8 boomerangs
 o - 8 javelins
Armour
 a - a +0 robe (worn)
 f - a +0 cloak (worn)
 t - a +3 leather armour
Magical Staves
 n - a staff of death
Jewellery
 q - a +6 ring of strength (right hand)
Scrolls
 i - 2 scrolls of identify
 l - 2 scrolls of vulnerability
 r - a scroll of immolation {unknown}
Potions
 e - a potion of mutation {unknown}
 m - a potion of lignification {unknown}
 p - a potion of haste {unknown}
 s - 3 potions of flight {unknown}
 u - a potion of heal wounds


   Skills:
 * Level 2.7 Fighting
 - Level 0.1 Polearms
 + Level 2.0 Dodging
 * Level 3.9 Stealth
 + Level 3.6 Spellcasting
 + Level 5.8 Conjurations


You had 5 spell levels left.
You knew the following spells:

 Your Spells              Type           Power      Damage    Failure   Level
a - Magic Dart            Conj           100%       1d8       1%          1
b - Searing Ray           Conj           56%        3d5       1%          2
c - Fulminant Prism       Conj/Hex       7%         3d7       36%         4

Your spell library contained the following spells:

 Spells                   Type           Power      Damage    Failure   Level
 Dazzling Flash           Conj/Hex       30%        N/A       12%         3
 Iskenderun's Mystic Bla  Conj/Tloc      15%        2d5       36%         4


Dungeon Overview and Level Annotations

Branches:
Dungeon (4/15)
 Temple: D:4-7

Altars:
Elyvilon
Trog
Xom
The Shining One

Annotations:
D:4 Edmund


Innate Abilities, Weirdness & Mutations

You are completely covered in molten scales. (AC +4, rF+)
You sometimes gain a little power by taking damage.


Message History

You finish channeling your searing ray.
Edmund barely misses you. Edmund misses you.
Casting: Searing Ray (safe; 1% risk of failure)
Confirm with . or Enter, or press ? or * to list all spells.
Aiming: Searing Ray (safe; 1% risk of failure)
Press: ? - help, Shift-Dir - straight line, f/p - Edmund
Aim: Edmund, wielding a +7 dire flail of draining and wearing a +0 chain mail (moderately wounded, 15% to evade)
The searing ray hits Edmund!
Edmund is severely wounded. (Press . to maintain the ray.) Edmund hits you with a +7 dire flail of draining.
You feel drained.
The searing ray hits Edmund.
Edmund is severely wounded.
Edmund closely misses you.
The searing ray hits Edmund but does no damage.
Edmund is severely wounded.
Edmund hits you with a +7 dire flail of draining.
You feel drained.
The searing ray hits Edmund.
Edmund is severely wounded.
You finish channeling your searing ray.
Edmund hits you with a +7 dire flail of draining!
You feel drained.
As you read the scroll labelled FIPIPO REUMP, it crumbles to dust.
Your brain hurts!
It was a scroll of random uselessness.
Edmund closely misses you.
As you read the scroll labelled LAOTOEP OKYDYE, it crumbles to dust.
It is a scroll of identify.
l - 2 scrolls of vulnerability Edmund hits you with a +7 dire flail of draining.
* * * LOW HITPOINT WARNING * * *
You feel drained.
* * * LOW HITPOINT WARNING * * *
As you read the scroll labelled VADUAZ INEM, it crumbles to dust.
You hear a loud clanging noise!
It was a scroll of noise.
You hear a shout! x2; You hear an angry hiss.
You hear a shout!
Edmund hits you with a +7 dire flail of draining!
You die...

#.....#)#....#####.#
####...#.###.########..
#..'.........# #....#
#.##...###.### #.##.#
#......# #.### #..#..
#....#####... ##.###
#....##...### #.# #
#....##...##### ###.# #
#.....@@..'...# #...# #
#######...##....#.### #
#...# ......# # #...#
....... ..............
########...@J..
........ ##...l..


You could see Edmund.

Vanquished Creatures
  Grinder (D:4)
  An orc warrior (D:4)
  A scorpion (D:2)
  An orc priest (D:4)
  An iguana (D:4)
  3 adders
  3 worms
  2 dart slugs
  3 orcs
  3 ball pythons
  8 bats
  4 giant cockroaches
  10 goblins
  2 hobgoblins
  10 oozes
  2 quokkas (D:2)
  3 frilled lizards
  6 kobolds
  6 rats
70 creatures vanquished.

Vanquished Creatures (others)
  2 toadstools (D:3)
2 creatures vanquished.

Grand Total: 72 creatures vanquished

Notes
Turn   | Place    | Note
-------+----------+-------------------------------------------
     0 | D:1      | jestyr24 the Demonspawn Conjurer began the quest for the
                  | Orb.
     0 | D:1      | Reached XP level 1. HP: 13/13 MP: 3/3
   288 | D:1      | Gained mutation: You are partially covered in molten
                  | scales. (AC +2) [demonic ancestry]
   288 | D:1      | Reached XP level 2. HP: 19/19 MP: 1/5
   555 | D:1      | Learned a level 2 spell: Searing Ray
   795 | D:1      | Gained mutation: You sometimes gain a little power by
                  | taking damage. [demonic ancestry]
   795 | D:1      | Reached XP level 3. HP: 25/25 MP: 4/6
  1600 | D:2      | Noticed a scorpion
  1659 | D:2      | Reached skill level 1 in Fighting
  1719 | D:2      | Killed a scorpion
  1720 | D:2      | Reached skill level 5 in Conjurations
  1720 | D:2      | Gained mutation: You are mostly covered in molten scales.
                  | (AC +3) [demonic ancestry]
  1720 | D:2      | Reached XP level 4. HP: 32/32 MP: 1/7
  2502 | D:3      | Found a bloodstained altar of Trog.
  2504 | D:3      | Found a shimmering altar of Xom.
  2504 | D:3      | Found a bloodstained altar of Trog.
  2506 | D:3      | Found a bloodstained altar of Trog.
  2718 | D:3      | Found a faded altar of an unknown god.
  3331 | D:4      | Reached XP level 5. HP: 37/37 MP: 1/8
  3548 | D:4      | Noticed Grinder
  3551 | D:4      | Paralysed by Grinder for 7 turns
  3567 | D:4      | Killed Grinder
  3568 | D:4      | Gained mutation: You are completely covered in molten
                  | scales. (AC +4, rF+) [demonic ancestry]
  3568 | D:4      | Reached XP level 6. HP: 15/45 MP: 3/10
  3779 | D:4      | Noticed Edmund
  3791 | D:4      | Learned a level 4 spell: Fulminant Prism
  3860 | D:4      | Noticed an orc warrior
  3865 | D:4      | Killed an orc warrior
  4137 | D:4      | Slain by Edmund

Illustrated notes

Levels and vault maps discovered:
D:1:      nzn_arrival_water_spiral, layout_rooms, kennysheep_boxes
D:2:      layout_loops_corners
D:3:      layout_loops_ring, doesnt_xom_only_xom,
          chequers_ecumenical_altar_simple, hangedman_abyss_or_decor_stabs,
          amcnicky_mini_pool_small, minmay_gold_behind_fungi
D:4:      layout_basic, gammafunk_temple_overflow_forgotten, serial_shops,
          kennysheep_mini_moat, grunt_tough_drop, uniq_edmund, uniq_eustachio,
          uniq_grinder

Skill      XL: |  1  2  3  4  5 |
---------------+----------------+-----
Stealth        | 2 3 |  3.9
Fighting       | 1 2 |  2.7
Conjurations   | 5 |  5.8
Dodging        | 2 |  2.0
Spellcasting   | 3 |  3.6
Polearms       | |  0.1

Action                   |  1- 3 |  4- 6 || total
-------------------------+-------+-------++-------
Melee: Unarmed           |     3 |       ||     3
       Dagger            |     2 |       ||     2
       Spear             |     8 |    10 ||    18
 Cast: Magic Dart        |    62 |    27 ||    89
       Searing Ray       |     4 |    23 ||    27
  Use: Potion            |       |     1 ||     1
       Scroll            |       |     3 ||     3
 Stab: Sleeping          |       |     3 ||     3
Armor: Robe              |     7 |     4 ||    11
Dodge: Dodged            |     9 |    13 ||    22

Table legend: (Time is in decaauts)
 A = Elapsed time spent in this place.
 B = Non-inter-level travel time spent in this place.
 C = Inter-level travel time spent in this place.
 D = Time resting spent in this place.
 E = Time spent auto-exploring this place.
 F = Levels seen in this place.
 G = Mean time per level.
                   A        B        C        D        E       F      G
               +--------+--------+--------+--------+--------+-----+--------+
         Total |   4137 |   4062 |     75 |   1084 |   2233 |   4 | 1034.2 |
       Dungeon |   4137 |   4062 |     75 |   1084 |   2233 |   4 | 1034.2 |
               +--------+--------+--------+--------+--------+-----+--------+

Top non-repeatable levels by time:
     D:2: 1237 daAuts
     D:1: 1195 daAuts
     D:3: 929 daAuts
     D:4: 775 daAuts
